AoeStats
← ikarus492

MegaRandom

510568614Analyzed
3v3 RM · 2d ago on Oct 1, 2026· 65m 16s· 6 players
Game mode
Random Map
Map size
Normal (6 player)
Population
200
Speed
Normal
Resources
Standard
Victory
Conquest
Starting age
Dark Age
Ending age
Imperial Age
RankedLock teamsTeams togetherTeam positionsShared explorationLock speedFull tech treeHidden civsTurbo modeCheats
Victory
Defeat
🇦🇹 Malians · Austria
853
+11
🇦🇹 Goths · Austria
852
+11
🇦🇹 Khmer · Austria
761
+15
🇦🇹 Huns · Austria
799
-15
🇪🇸 Turks · Spain
718
-11
🇸🇰 Aztecs · Slovakia
703
-11
ikarus492
13:49 Feudal Age
15:28 Double-Bit Axe
15:28 Horse Collar
16:08 Loom
18:26 Castle Age
16:55 Stone Mining
17:37 Gold Mining
29:12 Gold Shaft Mining
40:50 Bow Saw
Falso 9
13:57 Feudal Age
15:58 Wheelbarrow
15:05 Horse Collar
15:13 Double-Bit Axe
21:35 Castle Age
22:48 Hand Cart
22:48 Bow Saw
22:41 Heavy Plow
25:13 Town Watch
25:31 Gold Mining
27:45 Gold Shaft Mining
28:03 Stone Mining
28:15 Town Patrol
36:45 Imperial Age
35:02 Treadmill Crane
35:19 Murder Holes
37:59 Conscription
37:41 Husbandry
38:34 Artillery
40:27 Two-Man Saw
39:54 Guilds
39:44 Caravan
40:12 Ballistics
40:36 Bloodlines
39:46 Heavy Camel Rider
40:22 Fletching
43:59 Elite Janissary
clasik
0:30 Loom
10:56 Feudal Age
19:35 Castle Age
28:39 Imperial Age
27:01 Scale Mail Armor
27:12 Forging
28:01 Chain Mail Armor
30:00 Iron Casting
31:12 Plate Mail Armor
32:22 Blast Furnace
34:54 Garland Wars
37:23 Elite Jaguar Warrior
michael.aichinger
0:40 Loom
11:00 Feudal Age
11:58 Horse Collar
12:06 Double-Bit Axe
20:30 Castle Age
19:41 Gold Mining
22:41 Heavy Plow
22:52 Pikeman
23:33 Squires
26:33 Anarchy
32:13 Forging
32:03 Scale Mail Armor
33:52 Bow Saw
36:50 Wheelbarrow
37:42 Elite Skirmisher
40:56 Imperial Age
39:47 Chain Mail Armor
40:02 Murder Holes
41:25 Iron Casting
41:42 Perfusion
42:03 Conscription
42:06 Halberdier
44:04 Blast Furnace
46:13 Two-Man Saw
47:20 Crop Rotation
49:46 Man-at-Arms
51:25 Long Swordsman
53:14 Hand Cart
61:12 Elite Huskarl
Michi2006
0:31 Loom
12:37 Feudal Age
14:02 Wheelbarrow
13:39 Double-Bit Axe
13:39 Horse Collar
14:10 Gold Mining
16:38 Town Watch
19:12 Stone Mining
22:04 Castle Age
22:33 Scale Mail Armor
22:42 Scale Barding Armor
22:48 Forging
24:01 Hand Cart
25:23 Chain Barding Armor
26:03 Iron Casting
25:55 Bloodlines
30:38 Husbandry
32:10 Bow Saw
34:05 Fletching
34:39 Masonry
34:25 Murder Holes
34:41 Bodkin Arrow
35:17 Ballistics
36:28 Padded Archer Armor
39:27 Imperial Age
37:36 Leather Archer Armor
37:11 Crossbowman
38:10 Tusk Swords
39:51 Elite Battle Elephant
41:53 Blast Furnace
41:49 Plate Barding Armor
45:23 Arbalester
46:05 Bracer
58:53 Ring Archer Armor
elke
5:29 Loom
12:30 Feudal Age
13:22 Double-Bit Axe
15:38 Gold Mining
17:03 Wheelbarrow
16:26 Stone Mining
21:43 Castle Age
22:56 Scale Mail Armor
23:56 Stone Shaft Mining
39:37 Imperial Age
39:15 Ballistics
39:10 Bow Saw
39:50 Tigui
43:26 Hand Cart
47:16 Conscription
46:22 Elite Skirmisher
47:59 Murder Holes
48:54 Pikeman
49:34 Squires
51:05 Capped Ram
53:26 Fletching
53:51 Chain Mail Armor
58:20 Bodkin Arrow
58:56 Plate Mail Armor
57:48 Elite Gbeto
62:50 Farimba
62:15 Man-at-Arms
63:00 Padded Archer Armor
63:11 Forging
63:03 Town Watch
65:55 Thumb Ring
Connection lost

Rejoining the realm…

Still unreachable

The connection could not be restored.

Session expired

The server has moved on; the page needs a fresh start.